[Event "Swedish Chess Championship 2021: Mastarklassen-Elit"]
[Site "Scandic Helsingborg Nord, Florettgatan 41, Helsingborg, Sweden"]
[Date "2021.07.03"]
[Round "1.1"]
[White "Sorensen, Hampus"]
[Black "Lindberg, Bengt"]
[Result "1/2-1/2"]
[TimeControl "90 minutes for 40 moves + 30 minutes for the rest of the game + 30 seconds per move from move one."]
[WhiteTitle "FM"]
[BlackTitle "IM"]
[WhiteFideId "8703884"]
[BlackFideId "1700359"]
[WhiteElo "2392"]
[BlackElo "2392"]

1. e4 e6 2. d4 d5 3. Nc3 dxe4 4. Nxe4 Bd7 5. Nf3 Bc6 6. Bd3 Nd7 7. O-O Ngf6 8. Ng3 Be7 9. c4 O-O 10.
b3 Bxf3 11. Qxf3 c6 12. Bb2 a5 13. Rad1 a4 14. Bb1 axb3 15. axb3 Re8 16. h4 Ba3 17. Bc3 Qb6 18. Bc2 Bf8 19.
h5 h6 20. Ra1 Rxa1 21. Rxa1 Qc7 22. Re1 Ra8 23. Ne4 Be7 24. g3 Nxe4 25. Qxe4 Nf6 26. Qd3 Kf8 27. Re3 Rd8 28. Qe2 b5 29.
Rf3 bxc4 30. bxc4 Qb7 31. Rd3 Ra8 32. Rd1 1/2-1/2

[Event "Swedish Chess Championship 2021: Mastarklassen-Elit"]
[Site "Scandic Helsingborg Nord, Florettgatan 41, Helsingborg, Sweden"]
[Date "2021.07.03"]
[Round "1.2"]
[White "Bellon Lopez, Juan Manuel"]
[Black "Johansson, Thomas"]
[Result "1/2-1/2"]
[TimeControl "90 minutes for 40 moves + 30 minutes for the rest of the game + 30 seconds per move from move one."]
[WhiteTitle "GM"]
[WhiteFideId "2200031"]
[BlackFideId "1702998"]
[WhiteElo "2327"]
[BlackElo "2254"]

1. b3 d6 2. Bb2 Nd7 3. c4 Ngf6 4. g3 c5 5. Bg2 g6 6. e3 Bg7 7. Ne2 Rb8 8. d4 O-O 9. O-O a6 10.
a4 cxd4 11. Nxd4 Nc5 12. b4 Ncd7 13. a5 Ne5 14. Qb3 Bd7 15. f4 Nc6 16. Nd2 e5 17. Nxc6 Bxc6 18. Bxc6 bxc6 19. fxe5 dxe5 20.
Nf3 Nd7 21. Qc3 Re8 22. Rad1 Qe7 23. c5 Nf6 24. Qxe5 Qb7 25. Qc3 Nh5 26. Qb3 Bxb2 27. Qxb2 Qxb4 28. Qxb4 Rxb4 29. Rd6 Rb5 30.
Rxc6 Rxa5 31. g4 Ng7 32. Ng5 f5 33. gxf5 Nxf5 34. e4 Ne3 35. Re1 Ng4 36. Rc7 Ne5 37. Nxh7 Nf3+ 38. Kf2 Nxe1 39.
Nf6+ Kf8 40. Nh7+ Kg8 41. Nf6+ Kf8 42. Nxe8 Nd3+ 43. Ke3 Nxc5 44. Ng7 Kg8 45. e5 Ne6 46. Nxe6 Rxe5+ 47. Kf4 Rxe6 48.
Kg5 Kf8 49. h4 Rb6 1/2-1/2

[Event "Swedish Chess Championship 2021: Mastarklassen-Elit"]
[Site "Scandic Helsingborg Nord, Florettgatan 41, Helsingborg, Sweden"]
[Date "2021.07.03"]
[Round "1.3"]
[White "Thorn, Eric"]
[Black "Zadruzny, Nicolaj"]
[Result "1/2-1/2"]
[TimeControl "90 minutes for 40 moves + 30 minutes for the rest of the game + 30 seconds per move from move one."]
[WhiteTitle "FM"]
[BlackTitle "FM"]
[WhiteFideId "1710729"]
[BlackFideId "1709550"]
[WhiteElo "2271"]
[BlackElo "2333"]

1. d4 Nf6 2. c4 e6 3. Nf3 d5 4. Nc3 Bb4 5. Bg5 h6 6. Bxf6 Qxf6 7. Qa4+ Nc6 8. e3 O-O 9. Be2 dxc4 10.
O-O Qe7 11. Bxc4 Na5 12. Bd3 Bxc3 13. bxc3 b6 14. Be4 Bb7 15. Bxb7 Nxb7 16. Ne5 c5 17. Rfd1 Qc7 18. Rac1 Rfd8 19.
h3 Rac8 20. Qa6 Na5 21. Nd3 Rd6 22. Qb5 cxd4 23. cxd4 Rc6 24. Qa6 Qb7 25. Qxb7 Nxb7 26. Kf1 Kf8 27. Ke2 Ke7 28. Rxc6 Rxc6 29.
Ne5 Rc7 30. Kd3 Nd8 31. Rb1 Nc6 32. Nxc6+ Rxc6 1/2-1/2

[Event "Swedish Chess Championship 2021: Mastarklassen-Elit"]
[Site "Scandic Helsingborg Nord, Florettgatan 41, Helsingborg, Sweden"]
[Date "2021.07.03"]
[Round "1.4"]
[White "Jogstad, Martin"]
[Black "Furhoff, Johan"]
[Result "1/2-1/2"]
[TimeControl "90 minutes for 40 moves + 30 minutes for the rest of the game + 30 seconds per move from move one."]
[WhiteTitle "FM"]
[BlackTitle "IM"]
[WhiteFideId "1715364"]
[BlackFideId "1701797"]
[WhiteElo "2301"]
[BlackElo "2324"]

1. c4 e5 2. g3 Nc6 3. Bg2 f5 4. Nc3 Nf6 5. e3 g6 6. d4 e4 7. Nge2 Bg7 8. Nf4 O-O 9. h4 d6 10.
b3 a6 11. Bb2 Rb8 12. Bf1 Re8 13. Be2 Ne7 14. Qd2 Bd7 15. a4 c6 16. a5 h6 17. d5 cxd5 18. Ncxd5 Nexd5 19. Nxd5 Nxd5 20.
Qxd5+ Be6 21. Qd2 d5 22. Bxg7 Kxg7 23. cxd5 Qxd5 24. Qc3+ Kf7 25. h5 g5 26. Rd1 Qc6 27. Qe5 Rbd8 28.
O-O Rd5 29. Rxd5 Qxd5 30. Qc7+ Re7 31. Qc3 Qc6 32. Qh8 Bxb3 33. Rb1 Qe6 34. Bd1 Bxd1 35. Rxd1 Qf6 36. Qh7+ Ke6 37. Qg8+ Qf7 38.
Qc8+ Rd7 39. Rb1 Qxh5 40. Rb6+ Ke7 41. Qc5+ Kd8 42. Rd6 Rxd6 43. Qxd6+ Kc8 44. Qc5+ Kb8 45. Qf8+ Ka7 46. Qc5+ Kb8 47.
Qf8+ Ka7 48. Qc5+ Kb8 1/2-1/2

[Event "Swedish Chess Championship 2021: Mastarklassen-Elit"]
[Site "Scandic Helsingborg Nord, Florettgatan 41, Helsingborg, Sweden"]
[Date "2021.07.03"]
[Round "1.5"]
[White "Nikolic, Vladan"]
[Black "Ernst, Thomas"]
[Result "0-1"]
[TimeControl "90 minutes for 40 moves + 30 minutes for the rest of the game + 30 seconds per move from move one."]
[BlackTitle "GM"]
[WhiteFideId "1710702"]
[BlackFideId "1700065"]
[WhiteElo "2222"]
[BlackElo "2310"]

1. d4 Nf6 2. c4 e6 3. g3 c5 4. d5 exd5 5. cxd5 d6 6. Nc3 g6 7. Bg2 Bg7 8. Nf3 O-O 9. O-O Re8 10.
Bf4 Nh5 11. Bg5 Qb6 12. Qc1 Na6 13. Re1 Bd7 14. h3 Nc7 15. e4 Nf6 16. Qf4 Nh5 17. Qd2 f6 18. Be3 f5 19. exf5 gxf5 20.
Bh6 Rxe1+ 21. Rxe1 Re8 22. Rb1 Bxc3 23. Qxc3 Nxd5 24. Qc4 Nhf6 25. Ng5 Bc6 26. Qd3 Re5 27. Nf3 Re4 28. Nd2 Bb5 29.
Qc2 Re5 30. a3 Qa6 31. Rc1 Qa4 32. b3 Qxa3 33. Nf3 Re4 34. Qd2 f4 35. Ng5 Rd4 36. Qe1 Bd7 37. Qf1 0-1

[Event "Swedish Chess Championship 2021: Mastarklassen-Elit"]
[Site "Scandic Helsingborg Nord, Florettgatan 41, Helsingborg, Sweden"]
[Date "2021.07.04"]
[Round "2.1"]
[White "Furhoff, Johan"]
[Black "Bellon Lopez, Juan Manuel"]
[Result "1-0"]
[TimeControl "90 minutes for 40 moves + 30 minutes for the rest of the game + 30 seconds per move from move one."]
[WhiteTitle "IM"]
[BlackTitle "GM"]
[WhiteFideId "1701797"]
[BlackFideId "2200031"]
[WhiteElo "2324"]
[BlackElo "2327"]

1. e4 c5 2. Nf3 e6 3. d4 cxd4 4. Nxd4 Nc6 5. Nc3 Qc7 6. Ndb5 Qb8 7. Be3 b6 8. f4 a6 9. Nd4 Qc7 10.
Nb3 b5 11. Be2 Bb7 12. O-O Rc8 13. Bf3 Na5 14. Nxa5 Qxa5 15. e5 Qc7 16. Ne4 Bxe4 17. Bxe4 f5 18. Bf3 Bc5 19. Bxc5 Qxc5+ 20. Rf2 Ne7 21. a4 b4 22. Bb7 Rc7 23. Bxa6 O-O 24. Qd6 Nd5 25. Qxc5 Rxc5 26. Bb5 Rd8 27. Rd1 Kf7 28. Rd4 Ke7 29.
Bc4 d6 30. exd6+ Rxd6 31. Rfd2 Rdc6 32. Bb3 h6 33. h4 Kf6 34. Kf2 g5 35. hxg5+ hxg5 36. fxg5+ Kxg5 37. Bxd5 Rxd5 38. Rxd5 exd5 39.
Ke3 Rc4 40. b3 Re4+ 41. Kd3 Kf6 42. c3 Ke5 43. cxb4 Rxb4 44. Kc3 Rg4 45. Rf2 Rg8 46. a5 d4+ 47. Kc4 Rc8+ 48. Kb5 d3 49.
a6 Rc2 50. a7 Rxf2 51. a8=Q d2 52. Qa1 Ke4 53. Kc4 Rxg2 54. Qd4 Kf3 55. Kc3 f4 56. b4 Kg3 57. b5 f3 58. b6 Re2 59.
b7 1-0

[Event "Swedish Chess Championship 2021: Mastarklassen-Elit"]
[Site "Scandic Helsingborg Nord, Florettgatan 41, Helsingborg, Sweden"]
[Date "2021.07.04"]
[Round "2.2"]
[White "Zadruzny, Nicolaj"]
[Black "Nikolic, Vladan"]
[Result "1/2-1/2"]
[TimeControl "90 minutes for 40 moves + 30 minutes for the rest of the game + 30 seconds per move from move one."]
[WhiteTitle "FM"]
[WhiteFideId "1709550"]
[BlackFideId "1710702"]
[WhiteElo "2333"]
[BlackElo "2222"]

1. c4 Nf6 2. Nc3 g6 3. Nf3 Bg7 4. g3 c5 5. Bg2 Nc6 6. d3 O-O 7. O-O d6 8. a3 a6 9. Rb1 Rb8 10.
b4 cxb4 11. axb4 b5 12. cxb5 axb5 13. Bd2 Bd7 14. Qc1 Qc8 15. Bh6 Bh3 16. Bxg7 Kxg7 17. Qb2 Bxg2 18. Kxg2 Kg8 19. Rfc1 Qb7 20.
Kg1 Rfc8 1/2-1/2

[Event "Swedish Chess Championship 2021: Mastarklassen-Elit"]
[Site "Scandic Helsingborg Nord, Florettgatan 41, Helsingborg, Sweden"]
[Date "2021.07.04"]
[Round "2.3"]
[White "Ernst, Thomas"]
[Black "Jogstad, Martin"]
[Result "1-0"]
[TimeControl "90 minutes for 40 moves + 30 minutes for the rest of the game + 30 seconds per move from move one."]
[WhiteTitle "GM"]
[BlackTitle "FM"]
[WhiteFideId "1700065"]
[BlackFideId "1715364"]
[WhiteElo "2310"]
[BlackElo "2301"]

1. e4 e6 2. d4 d5 3. Nd2 c5 4. exd5 Qxd5 5. Ngf3 cxd4 6. Bc4 Qd6 7. O-O Nf6 8. Nb3 Nc6 9. Nbxd4 Nxd4 10.
Nxd4 Be7 11. b3 O-O 12. Bb2 Qf4 13. Qe2 a6 14. a4 e5 15. Nf3 e4 16. Ne5 Bd6 17. g3 Qh6 18. f4 Bh3 19.
Rfe1 Rad8 20. Bc1 Bb4 21. Rd1 Rxd1+ 22. Qxd1 Bc5+ 23. Kh1 g6 24. Qe2 Qh5 25. Qxh5 gxh5 26. Ba3 Bxa3 27. Rxa3 Rd8 28.
Bxf7+ Kg7 29. Ra1 Rd2 30. Rc1 e3 31. Bc4 e2 32. Re1 Rd1 33. Nd3 Ne4 34. Kg1 Bg4 35. Kg2 Nc3 36. a5 Bf5 37.
Kf2 Rd2 38. Nc1 Nd1+ 39. Kg1 Rxc2 40. Nxe2 Rd2 41. Nc1 Nf2 42. Re2 Nh3+ 43. Kg2 Rd1 44. Re7+ Kf6 45. Rf7+ Kg6 46. Ne2 Bd3 47.
Re7 Bf5 48. Rf7 Bd3 49. Rf8 Bf5 50. Rxf5 Kxf5 51. Kxh3 Kg6 52. Nc3 Rd2 53. Na4 Ra2 54. Bd5 Ra3 55. Kh4 Ra2 56. h3 Ra3 57.
Bxb7 Rxb3 58. Bxa6 Kf6 59. Be2 Ra3 60. Bd1 Rd3 61. Bxh5 Rd5 62. Nc3 Rxa5 63. g4 Kg7 64. Ne2 Ra4 65.
g5 Re4 66. Bf3 Re3 67. Kg3 Kg6 68. h4 Ra3 69. Nd4 Rd3 70. f5+ Kf7 71. Ne6 Ra3 72. Kf4 Ra4+ 73. Be4 Ra1 74. h5 Kg8 75.
f6 h6 76. g6 Kh8 77. Bd5 Rd1 78. Ke5 Rd2 79. g7+ Kh7 80. Nf8# 1-0

[Event "Swedish Chess Championship 2021: Mastarklassen-Elit"]
[Site "Scandic Helsingborg Nord, Florettgatan 41, Helsingborg, Sweden"]
[Date "2021.07.04"]
[Round "2.4"]
[White "Lindberg, Bengt"]
[Black "Johansson, Thomas"]
[Result "1/2-1/2"]
[TimeControl "90 minutes for 40 moves + 30 minutes for the rest of the game + 30 seconds per move from move one."]
[WhiteTitle "IM"]
[WhiteFideId "1700359"]
[BlackFideId "1702998"]
[WhiteElo "2392"]
[BlackElo "2254"]

1. e4 d5 2. exd5 Qxd5 3. Nc3 Qd8 4. d4 Nf6 5. Bc4 g6 6. Nf3 Bg7 7. O-O O-O 8. h3 a6 9. a4 Nc6 10.
Re1 e6 11. Ne2 b6 12. Nf4 Qd6 13. c3 Na5 14. Ba2 c5 15. dxc5 Qxd1 16. Rxd1 bxc5 17. Be3 c4 18. Bb6 Nb3 19.
Bxb3 cxb3 20. Bd4 Bb7 21. Nd2 Rfe8 22. Nd3 Bd5 23. c4 Be4 24. Nxb3 e5 25. Bc3 Rac8 26. Nbc5 Bxd3 27. Nxd3 Ne4 28.
Be1 Rxc4 29. b3 Rd4 30. Nb4 Red8 31. Rxd4 exd4 32. Nd3 Rb8 33. b4 Nc3 34. Ra3 Nd5 35. Rb3 Bf8 36. b5 axb5 37.
Rxb5 Rd8 38. Ba5 Rd6 39. Kf1 Kg7 40. Bb4 Rd8 41. Bxf8+ Kxf8 42. Rb7 Ra8 43. Rd7 Nc3 44. Rxd4 Rxa4 1/2-1/2

[Event "Swedish Chess Championship 2021: Mastarklassen-Elit"]
[Site "Scandic Helsingborg Nord, Florettgatan 41, Helsingborg, Sweden"]
[Date "2021.07.04"]
[Round "2.5"]
[White "Sorensen, Hampus"]
[Black "Thorn, Eric"]
[Result "1/2-1/2"]
[TimeControl "90 minutes for 40 moves + 30 minutes for the rest of the game + 30 seconds per move from move one."]
[WhiteTitle "FM"]
[BlackTitle "FM"]
[WhiteFideId "8703884"]
[BlackFideId "1710729"]
[WhiteElo "2392"]
[BlackElo "2271"]

1. d4 Nf6 2. c4 e6 3. Nf3 d5 4. Bg5 dxc4 5. e4 b5 6. a4 c6 7. Nc3 b4 8. Nb1 Ba6 9. Qc1 c5 10.
Bxc4 Bxc4 11. Qxc4 cxd4 12. Nbd2 Nbd7 13. e5 h6 14. Bh4 g5 15. exf6 gxh4 16. Ne4 Rc8 17. Qxd4 Nc5 18. Qxd8+ Rxd8 19.
Nxc5 Bxc5 20. Rc1 Rd5 21. g4 Rg8 22. Rc4 Rg6 23. Ke2 Rxf6 24. Rhc1 Bd6 25. h3 Rf4 26. Rxf4 Bxf4 27. Rc4 Bd6 28.
Nxh4 Re5+ 29. Kd2 Rd5+ 30. Kc2 Re5 31. Kd1 Rd5+ 32. Ke2 Re5+ 33. Kf1 Rd5 34. Ke2 1/2-1/2

[Event "Swedish Chess Championship 2021: Mastarklassen-Elit"]
[Site "Scandic Helsingborg Nord, Florettgatan 41, Helsingborg, Sweden"]
[Date "2021.07.07"]
[Round "5.1"]
[White "Jogstad, Martin"]
[Black "Thorn, Eric"]
[Result "1/2-1/2"]
[TimeControl "90 minutes for 40 moves + 30 minutes for the rest of the game + 30 seconds per move from move one."]
[WhiteTitle "FM"]
[BlackTitle "FM"]
[WhiteFideId "1715364"]
[BlackFideId "1710729"]
[WhiteElo "2301"]
[BlackElo "2271"]

1. d4 d6 2. Nf3 Nf6 3. g3 g6 4. Bg2 Bg7 5. O-O O-O 6. b3 e5 7. dxe5 Ng4 8. Bb2 Nc6 9. Qc1 Ngxe5 10. Nxe5 Nxe5 11. c4 Qe7 12. Nc3 c6 13. Rd1 Be6 14. f4 Ng4 15. h3 Nf6 16. e4 Rfe8 17. Qd2 Rad8 18. Qf2 Qc7 19.
Rd2 Qa5 20. Rad1 Nh5 21. Ne2 Bxb2 22. Rxb2 d5 23. f5 Bc8 24. exd5 gxf5 25. Nf4 Nxf4 26. Qxf4 Qc5+ 27. Kh2 Qd6 28.
Rf1 Qxf4 29. Rxf4 c5 30. Rbf2 Re7 31. h4 Rd6 32. Bh3 Rf6 33. g4 h6 34. gxf5 Kf8 35. Rg2 Re3 36. Rgf2 Ke7 37.
R4f3 Re4 38. Rf4 Re3 39. Rg2 Bd7 40. Rff2 Kd6 41. Re2 Rf3 42. Rgf2 Rd3 43. Rf4 b5 44. Bf1 Rd4 45. Ref2 Rxf4 46.
Rxf4 bxc4 47. bxc4 Rxf5 48. Kg3 Ke5 49. Rxf5+ Bxf5 50. a3 a5 51. Be2 Bd7 52. Bh5 f5 53. Kf3 Ba4 54. Ke3 Bc2 55.
Be8 f4+ 56. Kf3 Bd1+ 57. Kf2 Bg4 58. Ba4 Bh5 59. Bc2 Be8 60. Bd1 Kd4 61. Be2 Kc3 62. Kf3 Kb3 63. Kxf4 Kxa3 64. d6 Kb4 65.
Bh5 Bc6 66. Bf3 Be8 67. Bh5 Bd7 68. Bg4 Bc6 69. d7 Bxd7 70. Bxd7 a4 71. Bxa4 Kxa4 72. h5 Kb4 73. Kf5 Kxc4 74.
Kg6 Kd5 75. Kxh6 c4 76. Kg7 c3 77. h6 c2 78. h7 c1=B 79. h8=B Bb2+ 80. Kg8 Bxh8 1/2-1/2

[Event "Swedish Chess Championship 2021: Mastarklassen-Elit"]
[Site "Scandic Helsingborg Nord, Florettgatan 41, Helsingborg, Sweden"]
[Date "2021.07.07"]
[Round "5.2"]
[White "Johansson, Thomas"]
[Black "Zadruzny, Nicolaj"]
[Result "0-1"]
[TimeControl "90 minutes for 40 moves + 30 minutes for the rest of the game + 30 seconds per move from move one."]
[BlackTitle "FM"]
[WhiteFideId "1702998"]
[BlackFideId "1709550"]
[WhiteElo "2254"]
[BlackElo "2333"]

1. c4 e6 2. Nc3 d5 3. e3 Nf6 4. Nf3 b6 5. b3 Bb7 6. Bb2 Bd6 7. cxd5 exd5 8. Bb5+ c6 9. Be2 O-O 10.
Qc2 Re8 11. Rd1 Nbd7 12. O-O Rc8 13. Bd3 Nc5 14. Bf5 Rc7 15. Ne2 g6 16. Bh3 Nfe4 17. d3 Ng5 18. Nxg5 Qxg5 19. f4 Qe7 20.
Rf3 f6 21. Qc3 Rf8 22. Nd4 Kf7 23. Qc2 f5 24. Rg3 Ke8 25. Rf3 Bc8 26. Re1 Ne6 27. Qf2 Kd8 28. Nc2 Nc5 29. Qd2 Ba6 30.
e4 fxe4 31. dxe4 Nxe4 32. Qd1 Bc8 33. Be5 Bxe5 34. Rxe4 Qc5+ 35. Kh1 Bd6 36. b4 Qb5 37. Nd4 Qa6 38. Bxc8 Kxc8 39. Re6 Rd8 40.
Ree3 Rg8 41. Re6 Rd8 42. a4 Qc4 43. Ree3 Bxb4 44. Ne6 d4 45. Re5 Bd6 46. Re1 Bb4 47. Re5 Rcd7 48. Nxd8 Kxd8 49.
Rd3 Kc7 50. h3 c5 51. Qf3 Qa6 52. f5 c4 53. Rd1 Qxa4 54. f6 Qc6 55. Re4 Rf7 56. Rdxd4 Rxf6 57. Qe2 b5 58. Re8 Bd6 59.
Rd1 Rf7 60. Qe3 Kb7 61. Qe6 Rd7 62. Rd5 c3 63. Rd1 c2 64. Rc1 Rc7 65. Qg8 Qc4 66. Rb8+ Ka6 67. Ra1+ Qa4 68. Rb6+ Kxb6 69.
Qb8+ Ka6 70. Rxa4+ bxa4 71. Qb2 c1=Q+ 72. Qxc1 Rxc1# 0-1

[Event "Swedish Chess Championship 2021: Mastarklassen-Elit"]
[Site "Scandic Helsingborg Nord, Florettgatan 41, Helsingborg, Sweden"]
[Date "2021.07.07"]
[Round "5.3"]
[White "Bellon Lopez, Juan Manuel"]
[Black "Sorensen, Hampus"]
[Result "1-0"]
[TimeControl "90 minutes for 40 moves + 30 minutes for the rest of the game + 30 seconds per move from move one."]
[WhiteTitle "GM"]
[BlackTitle "FM"]
[WhiteFideId "2200031"]
[BlackFideId "8703884"]
[WhiteElo "2327"]
[BlackElo "2392"]

1. d4 d5 2. Bf4 c5 3. e3 cxd4 4. exd4 Nc6 5. c3 f6 6. Nf3 g5 7. Be3 Bf5 8. Bd3 Bg6 9. Bxg6+ hxg6 10.
Qd3 Kf7 11. h4 e6 12. g4 Bd6 13. Nbd2 gxh4 14. Rxh4 Rxh4 15. Nxh4 Nge7 16. O-O-O Qc7 17. Kb1 Rh8 18. Ndf3 Na5 19.
Re1 Qc4 20. Qc2 b5 21. Bd2 Qc6 22. Qd3 Nc4 23. Bc1 b4 24. Qe2 Qd7 25. b3 Na3+ 26. Bxa3 bxa3 27. g5 f5 28. Ng2 Nc6 29.
Qe3 Re8 30. Rh1 Kg8 31. Rh6 Bf8 32. Rxg6+ Bg7 33. Nf4 Kf7 34. Rxg7+ Kxg7 35. Nh5+ Kf7 36. g6+ Ke7 37. Qg5+ Kd6 38.
Nf6 Qd8 39. Nxe8+ Qxe8 40. Ne5 Ne7 41. Qf6 Qb5 42. c4 dxc4 43. Nxc4+ Kd7 44. g7 Qd5 45. Qe5 Qh1+ 46. Kc2 Qa1 47.
Qd6+ Ke8 48. Qb8+ Kf7 49. Qf8+ Kg6 50. Ne5+ Kh5 51. Qh8+ Kg5 52. g8=Q+ Nxg8 53. Qxg8+ Kf4 54. Nd3+ Ke4 55.
Qg2+ Kxd4 56. Qg7+ Kd5 1-0

[Event "Swedish Chess Championship 2021: Mastarklassen-Elit"]
[Site "Scandic Helsingborg Nord, Florettgatan 41, Helsingborg, Sweden"]
[Date "2021.07.07"]
[Round "5.4"]
[White "Nikolic, Vladan"]
[Black "Lindberg, Bengt"]
[Result "1-0"]
[TimeControl "90 minutes for 40 moves + 30 minutes for the rest of the game + 30 seconds per move from move one."]
[BlackTitle "IM"]
[WhiteFideId "1710702"]
[BlackFideId "1700359"]
[WhiteElo "2222"]
[BlackElo "2392"]

1. d4 Nf6 2. Bf4 c6 3. c4 Qb6 4. Qd2 d5 5. Nc3 Bf5 6. cxd5 Nxd5 7. Bg3 e6 8. f3 Bg6 9. e4 Nxc3 10.
bxc3 Qd8 11. Rb1 b6 12. h4 h6 13. Rd1 Bd6 14. e5 Be7 15. Ne2 Nd7 16. Nf4 Bf5 17. Bc4 b5 18. Bb3 Nb6 19.
Bf2 a5 20. g4 Bh7 21. Bxe6 fxe6 22. Nxe6 Qc8 23. Nxg7+ Kf7 24. Nh5 Qf8 25. f4 Be4 26. Rh3 Qd8 27. f5 Qd5 28. Qf4 Nc4 29.
g5 hxg5 30. hxg5 Rag8 31. g6+ Ke8 32. g7 Rxh5 33. Rxh5 Rxg7 34. Rh8+ Bf8 35. Qh6 Rf7 1-0

[Event "Swedish Chess Championship 2021: Mastarklassen-Elit"]
[Site "Scandic Helsingborg Nord, Florettgatan 41, Helsingborg, Sweden"]
[Date "2021.07.07"]
[Round "5.5"]
[White "Furhoff, Johan"]
[Black "Ernst, Thomas"]
[Result "1-0"]
[TimeControl "90 minutes for 40 moves + 30 minutes for the rest of the game + 30 seconds per move from move one."]
[WhiteTitle "IM"]
[BlackTitle "GM"]
[WhiteFideId "1701797"]
[BlackFideId "1700065"]
[WhiteElo "2324"]
[BlackElo "2310"]

1. e4 e5 2. f4 exf4 3. Nf3 Be7 4.
Bc4 Nf6 5. e5 Ng4 6. O-O O-O 7. h3 Nh6 8. d4 d5 9. Bb3 g5 10. Nc3 c6 11. h4 gxh4 12. Bxf4 Nf5 13. Ne2 Na6 14.
c3 Nc7 15. Bc2 f6 16. Qd3 Rf7 17. exf6 Bxf6 18. Ne5 Rg7 19. Rf3 Ne8 20. Raf1 Ned6 21. Bh2 Rg5 22. Nf4 Qe7 23. Nh3 Rh5 24.
Ng4 Bg7 25. Bxd6 Nxd6 26. Nf6+ Bxf6 27. Rxf6 Ne4 28. Qe2 Bxh3 29. Bxe4 Qg7 30. Qxh5 dxe4 31. Qf7+ Qxf7 32. Rxf7 Be6 33. Re7 Bxa2 34. Rf4
Bd5 35. Rg4+ 1-0

[Event "Swedish Chess Championship 2021: Mastarklassen-Elit"]
[Site "Scandic Helsingborg Nord, Florettgatan 41, Helsingborg, Sweden"]
[Date "2021.07.09"]
[Round "7.1"]
[White "Bellon Lopez, Juan Manuel"]
[Black "Nikolic, Vladan"]
[Result "1/2-1/2"]
[TimeControl "90 minutes for 40 moves + 30 minutes for the rest of the game + 30 seconds per move from move one."]
[WhiteTitle "GM"]
[WhiteFideId "2200031"]
[BlackFideId "1710702"]
[WhiteElo "2327"]
[BlackElo "2222"]

1. d4 Nf6 2. Bf4 d5 3. e3 c5 4. c3 Nc6 5. Nd2 e6 6. Ngf3 Bd6 7. Ne5 Qc7 8. Ndf3 O-O 9. Bd3 Ne4 10.
Bg3 b6 11. Nc4 f5 12. Nxd6 Nxd6 13. Ne5 a5 14. O-O Nxe5 15. Bxe5 Ba6 16. Bxa6 Rxa6 17. c4 dxc4 18. dxc5 bxc5 19.
Qc2 Rb8 20. Rfd1 Qe7 21. Rd2 c3 22. Qxc3 Ne4 23. Qd3 Rba8 24. Rc2 a4 25. Rd1 Rc6 26. Qd7 Qxd7 27. Rxd7 Nf6 28. Bxf6 gxf6 29.
Kf1 c4 30. a3 c3 31. bxc3 Rac8 32. Ra7 Rxc3 33. Rxc3 Rxc3 34. Rxa4 Kf7 35. Ke2 Rc2+ 36. Kf3 Ra2 37. Kg3 Kg6 38.
f3 Re2 39. e4 fxe4 40. Rxe4 Ra2 41. Ra4 Kg5 42. Ra8 Kg6 43. a4 Kg7 44. a5 Ra4 45. a6 Ra2 46. h3 Ra4 47. f4 Ra2 48.
Kf3 Ra4 49. g4 Ra3+ 50. Ke4 Ra4+ 51. Ke3 Kf7 52. Kd3 Kg7 53. Ke3 Kf7 54. h4 h6 55. h5 Kg7 56. Ra7+ Kg8 57. Kd3 e5 58.
fxe5 fxe5 59. Ra8+ Kg7 60. Ke3 Kh7 61. Kf3 Kg7 62. Kg3 Ra3+ 63. Kh4 Ra4 64. a7 Ra3 65. g5 Ra4+ 66. Kh3 hxg5 67.
h6+ Kh7 68. Kg3 g4 69. Kh4 g3+ 70. Kxg3 e4 71. Kf4 e3+ 72. Kxe3 Ra3+ 73. Kd4 Ra4+ 74. Ke5 Ra1 75. Kd4 Ra4+ 76.
Kc5 Ra1 77. Rc8 Rxa7 78. Rc6 Ra5+ 79. Kd4 Rh5 80. Ke4 Rxh6 81. Rxh6+ Kxh6 1/2-1/2

[Event "Swedish Chess Championship 2021: Mastarklassen-Elit"]
[Site "Scandic Helsingborg Nord, Florettgatan 41, Helsingborg, Sweden"]
[Date "2021.07.09"]
[Round "7.2"]
[White "Furhoff, Johan"]
[Black "Sorensen, Hampus"]
[Result "1-0"]
[TimeControl "90 minutes for 40 moves + 30 minutes for the rest of the game + 30 seconds per move from move one."]
[WhiteTitle "IM"]
[BlackTitle "FM"]
[WhiteFideId "1701797"]
[BlackFideId "8703884"]
[WhiteElo "2324"]
[BlackElo "2392"]

1. e4 e5 2. f4 exf4 3. Nf3 g5 4. h4 g4 5. Ne5 Nf6 6. Bc4 d5 7. exd5 Bd6 8. d4 Nh5 9. Nc3 Nd7 10.
Qxg4 Ng3 11. Bb5 a6 12. Qxf4 Bxe5 13. Qxe5+ Qe7 14. Qxe7+ Kxe7 15. d6+ Kf6 16. Rh3 axb5 17. Nd5+ Kf5 18.
Rxg3 cxd6 19. Rg5+ Ke4 20. Nc3+ Kxd4 21. Be3+ Kc4 22. Rg4# 1-0

[Event "Swedish Chess Championship 2021: Mastarklassen-Elit"]
[Site "Scandic Helsingborg Nord, Florettgatan 41, Helsingborg, Sweden"]
[Date "2021.07.09"]
[Round "7.3"]
[White "Johansson, Thomas"]
[Black "Thorn, Eric"]
[Result "0-1"]
[TimeControl "90 minutes for 40 moves + 30 minutes for the rest of the game + 30 seconds per move from move one."]
[BlackTitle "FM"]
[WhiteFideId "1702998"]
[BlackFideId "1710729"]
[WhiteElo "2254"]
[BlackElo "2271"]

1. c4 e5 2. Nc3 Bb4 3. Nd5 Be7 4. g3 Nf6 5. Nxf6+ Bxf6 6. Bg2 O-O 7. d3 c6 8. e4 d5 9.
exd5 cxd5 10. Bxd5 Nc6 11. Be3 Nd4 12. Bxd4 exd4 13. Kf1 Be6 14. Be4 b5 15. Qh5 g6 16. Qxb5 Rb8 17. Qa4 Rxb2 18.
h3 Qb8 19. Nf3 Rxf2+ 20. Kxf2 Qb2+ 21. Nd2 Qxd2+ 22. Kf1 Rb8 23. Qd1 Qg5 24. Qf3 Be5 25. g4 Rb6 26. c5 Bxg4 27. Qxg4 Rf6+ 28.
Ke1 Qe3+ 29. Qe2 Qg3+ 30. Kd1 Rf2 31. Qe1 f5 32. Bd5+ Kg7 33. Kc1 Bf4+ 34. Kb1 Qxd3# 0-1

[Event "Swedish Chess Championship 2021: Mastarklassen-Elit"]
[Site "Scandic Helsingborg Nord, Florettgatan 41, Helsingborg, Sweden"]
[Date "2021.07.09"]
[Round "7.4"]
[White "Jogstad, Martin"]
[Black "Lindberg, Bengt"]
[Result "1-0"]
[TimeControl "90 minutes for 40 moves + 30 minutes for the rest of the game + 30 seconds per move from move one."]
[WhiteTitle "FM"]
[BlackTitle "IM"]
[WhiteFideId "1715364"]
[BlackFideId "1700359"]
[WhiteElo "2301"]
[BlackElo "2392"]

1. c4 e6 2. g3 c5 3. Bg2 Nc6 4. Nf3 Nf6 5. O-O Be7 6. b3 O-O 7. Bb2 d5 8. cxd5 exd5 9. d4 Re8 10. dxc5 Bxc5 11. e3 Bg4 12. Qc2 Bb6 13.
Nc3 d4 14. exd4 Rc8 15. d5 Nb4 16. Qd2 Nbxd5 17. Nxd5 Qxd5 18. Bxf6 Qxd2 19. Nxd2 gxf6 20. Nc4 Bd4 21. Nd6 Bxa1 22.
Rxa1 b6 23. Bb7 Rcd8 24. Nxe8 Rxe8 25. f3 Be6 26. Rd1 Re7 27. Ba6 Rc7 28. Rd2 Kf8 29. Kf2 Ke7 30. Ke3 Rc5 31. h4 h6 32.
Bd3 a5 33. Rc2 Kd6 34. Kd4 Rd5+ 35. Ke3 Re5+ 36. Kf4 b5 37. Be4 Rc5 38. Rd2+ Kc7 39. Ke3 b4 40. Kd4 Kb6 41. Rc2 Rxc2 42.
Bxc2 a4 43. f4 f5 44. Ke5 Kc5 45. Bxf5 Bd5 46. Bc2 a3 47. g4 Bf3 48. g5 hxg5 49. hxg5 f6 50. Kxf6 Kd4 51. g6 Bd5 52.
f5 Kc3 53. Ke5 Bc4 54. bxc4 Kxc2 55. g7 b3 56. g8=Q bxa2 57. Qg2+ Kb1 58. Qf1+ Kb2 59. f6 a1=Q 60. Qxa1+ Kxa1 61.
f7 1-0